Match 47486126
Unlisted

Match 47486126
End
Construct Infanterie Kompanie
Selects Terror Battlegroup
Selects Machine Gun Camouflage
MG 42 Machine Gun Team
Grenadier Squad
Grenadier Squad
GrW 34 Mortar Team
Infanterie Officer Quarters
MG 42 Machine Gun Team
Construct Panzergrenadier Kompanie
Grenadier Squad
Selects Interrogate
Pak 40 Anti-tank Gun Team
Selects Propaganda Leaflet Drop
Construct Panzer Kompanie
Stoßtruppen Squad
Propaganda Leaflet Drop
Selects Defend the Fatherland
Panzer IV Medium Tank
251 Medium Carrier
Propaganda Leaflet Drop
Stoßtruppen Squad
Selects V1 Rocket Strike
Grenadier Squad
Panzer Officer Quarters
Side Skirts
Panzer IV Medium Tank
V1 Rocket Strike
Forward Retreat Point
V1 Rocket Strike
meedlefinger
Kit
foxinsox00
CommieRed
Thank You Chef
Kray-Tos
0
0

Comments sign in to comment!

No comments posted yet!